Map: Deathaura LE

Players

ShoWTimE - Winner!

  • Race: Protoss Protoss
  • League: Master
  • Spawn Location: 5:00

Vanya

  • Race: Zerg Zerg
  • League: Grandmaster
  • Spawn Location: 11:00

Event: DreamHack SC2 Masters 2020 Winter

VOD

Have the link to the VOD?

Description

Time

  • Played on: Oct. 30, 2020, 2:09 p.m.
  • Length: 13:49

All games in this series

Show
View Real Time Build Order
Export as new Build Order

ShoWTimE Protoss - Winner!

Build Orders: 1 Gate Expand, Oracle Opening, Archon Immortal 

Get SALT Encoding   

  12  0:00  Probe  
  13  0:12  Probe  
  14  0:18  Pylon  
  14  0:24  Probe  
  15  0:36  Probe (Chrono Boost)  
  15  0:39  Gateway  
  16  0:45  Probe (Chrono Boost)  
  16  0:49  Assimilator  
  17  0:51  Probe (Chrono Boost)  
  18  1:03  Probe  
  19  1:15  Probe  
  20  1:25  Nexus  
  20  1:36  Cybernetics Core  
  20  1:40  Probe  
  20  1:45  Assimilator  
  21  1:52  Probe  
  22  1:54  Pylon  
  22  2:04  Probe (Chrono Boost)  
  23  2:10  Adept (Chrono Boost)  
  23  2:13  Warp Gate  
  26  2:16  Probe (Chrono Boost)  
  26  2:23  Probe (Chrono Boost)  
  26  2:26  Stargate  
  27  2:30  Probe  
  27  2:32  Adept (Chrono Boost)  
  30  2:37  Probe  
  30  2:42  Probe  
  32  2:49  Probe  
  33  2:54  Stalker, Probe  
  36  3:01  Probe  
  37  3:06  Probe  
  37  3:09  Gateway  
  37  3:12  Oracle (Chrono Boost)  
  38  3:14  Probe  
  38  3:19  Probe  
  43  3:21  Pylon  
  44  3:27  Probe  
  44  3:31  Probe  
  45  3:39  Probe, Oracle (Chrono Boost)  
  46  3:42  Pylon  
  46  3:44  Probe  
  50  3:51  Probe  
  50  3:56  Probe  
  51  4:03  Probe  
  51  4:05  Pylon  
  51  4:07  Nexus  
  51  4:08  Probe  
  53  4:10  Oracle (Chrono Boost)  
  53  4:15  Probe  
  57  4:20  Probe  
  57  4:21  Assimilator  
  57  4:23  Assimilator  
  58  4:27  Probe  
  58  4:28  Robotics Facility  
  59  4:32  Probe  
  59  4:33  Shield Battery  
  59  4:35  Pylon  
  60  4:39  Probe  
  60  4:44  Probe  
  62  4:48  Sentry  
  62  4:51  Pylon, Probe  
  65  4:57  Probe  
  65  4:58  Forge, Gateway  
  65  4:59  Sentry  
  68  5:03  Probe  
  69  5:09  Probe (Chrono Boost)  
  67  5:16  Probe (Chrono Boost)  
  67  5:18  Observer  
  67  5:19  Protoss Ground Weapons Level 1, Twilight Council, Probe (Chrono Boost)  
  71  5:21  Gateway, Probe (Chrono Boost)  
  71  5:27  Probe (Chrono Boost)  
  73  5:29  Probe x2 (Chrono Boost)  
  73  5:32  Gateway, Probe (Chrono Boost)  
  73  5:33  Probe (Chrono Boost)  
  73  5:35  Assimilator, Probe  
  76  5:39  Assimilator  
  76  5:42  Probe  
  77  5:44  Warp Prism  
  79  5:50  Probe x2  
  79  5:52  Charge (Chrono Boost)  
  79  5:54  Gateway, Probe  
  82  6:02  Probe x2  
  84  6:05  Photon Cannon  
  84  6:06  Probe  
  84  6:08  Gateway  
  84  6:09  Gateway  
  84  6:11  Photon Cannon  
  85  6:14  Probe  
  85  6:15  Templar Archives  
  86  6:19  Immortal (Chrono Boost)  
  90  6:33  Pylon  
  90  6:34  Zealot x2  
  90  6:35  Zealot x3  
  100  6:41  Photon Cannon  
  100  6:42  Pylon  
  100  6:45  Photon Cannon  
  100  6:48  Pylon  
  100  6:52  Phoenix  
  102  6:56  High Templar x3  
  102  6:59  Immortal (Chrono Boost)  
  102  7:00  Pylon  
  102  7:01  High Templar  
  110  7:04  Archon  
  110  7:05  Archon  
  114  7:12  High Templar  
  114  7:13  High Templar, Zealot x2  
  122  7:18  Archon, Pylon  
  122  7:22  Phoenix  
  124  7:24  Protoss Ground Weapons Level 2  
  124  7:28  Nexus  
  124  7:31  Immortal  
  124  7:33  Pylon  
  128  7:43  Zealot x4  
  128  7:44  Zealot  
  138  7:48  Zealot  
  138  7:50  Probe  
  141  7:51  Probe x2  
  141  8:02  Probe  
  141  8:03  Probe  
  141  8:04  Probe  
  135  8:10  Immortal (Chrono Boost)  
  129  8:14  High Templar x3, Probe  
  129  8:15  High Templar, Zealot x4  
  129  8:18  Archon x2  
  126  8:22  Shield Battery  
  126  8:25  Shield Battery  
  120  8:28  Photon Cannon  
  120  8:33  Gateway, Probe  
  121  8:34  Probe  
  121  8:39  Phoenix  
  121  8:41  Immortal (Chrono Boost)  
  128  8:48  High Templar x2  
  128  8:51  Assimilator  
  132  8:56  Assimilator  
  132  8:58  Archon, Zealot x5  
  132  8:59  Zealot  
  132  9:00  Probe x3  
  147  9:03  Shield Battery  
  147  9:09  Blink (Chrono Boost)  
  149  9:14  Photon Cannon  
  147  9:21  Photon Cannon  
  147  9:22  Shield Battery  
  147  9:23  Pylon  
  147  9:24  Photon Cannon  
  147  9:25  Stalker x4  
  155  9:31  Immortal (Chrono Boost)  
  155  9:36  Pylon  
  155  9:37  Shield Battery  
  159  9:40  Shield Battery  
  159  9:41  Pylon  
  159  9:43  Stalker x2  
  163  9:49  Stalker  
  159  10:03  Zealot x5  
  159  10:06  Immortal (Chrono Boost)  
  169  10:10  Zealot x2  
  163  10:17  Zealot  
  161  10:26  High Templar x4  
  163  10:31  Archon, Protoss Ground Weapons Level 3 (Chrono Boost)  
  163  10:32  Archon  
  163  10:34  Zealot x4  
  163  10:37  Probe  
  163  10:38  Probe x2  
  163  10:40  Immortal (Chrono Boost)  
  154  10:57  High Templar x3  
  154  10:58  High Templar, Zealot x2  
  154  10:59  Zealot x3  
  154  11:04  Archon x2  
  170  11:06  Photon Cannon  
  170  11:13  Pylon  
  168  11:20  Nexus  
  162  11:27  Sentry x3  
  162  11:28  Sentry  
  164  11:48  Zealot x5  
  164  11:50  Zealot x3  
  164  11:51  Zealot  
  162  12:17  Stalker x5  
  162  12:18  Stalker x4  
  174  12:24  Pylon  
  174  12:27  Observer (Chrono Boost)  
  175  12:41  Nexus  
  173  12:57  Zealot x3  
  173  12:58  Zealot x6, Immortal (Chrono Boost)  
  167  13:18  Zealot x5  
  167  13:19  Zealot x4  
  159  13:30  Probe x3  
  159  13:31  Probe  
Show
View Real Time Build Order
Export as new Build Order

Vanya Zerg 

Build Orders: Hatch First 

Get SALT Encoding   

  12  0:00  Drone  
  13  0:12  Overlord  
  13  0:17  Drone  
  14  0:31  Drone x2  
  16  0:38  Drone  
  17  0:51  Hatchery  
  17  0:55  Drone  
  17  0:59  Drone  
  18  1:09  Extractor  
  17  1:14  Spawning Pool  
  17  1:15  Drone  
  17  1:19  Drone  
  18  1:28  Drone  
  19  1:39  Drone  
  20  1:49  Overlord  
  20  2:01  Queen  
  20  2:03  Queen  
  20  2:04  Zergling x4  
  26  2:11  Drone  
  26  2:12  Metabolic Boost  
  26  2:14  Drone  
  28  2:25  Drone x2  
  30  2:34  Hatchery  
  29  2:38  Drone  
  29  2:41  Drone  
  29  2:43  Drone  
  32  2:52  Overlord  
  32  2:54  Zergling x2  
  32  2:57  Zergling x2  
  34  2:59  Queen  
  36  3:11  Zergling x2  
  36  3:12  Drone x2  
  39  3:13  Drone x2  
  39  3:19  Overlord  
  41  3:22  Drone  
  42  3:29  Drone  
  42  3:34  Drone, Spore Crawler  
  43  3:42  Drone x2  
  43  3:43  Overlord  
  43  3:44  Drone x2  
  43  3:46  Queen  
  49  3:53  Drone x2  
  49  3:54  Spore Crawler  
  49  3:55  Drone  
  49  3:59  Spore Crawler  
  48  4:03  Drone x2  
  48  4:05  Queen  
  48  4:08  Drone x3  
  55  4:10  Drone  
  55  4:13  Overlord  
  56  4:23  Overlord  
  56  4:28  Spore Crawler  
  56  4:29  Drone  
  56  4:32  Drone x5  
  56  4:38  Overlord  
  61  4:40  Drone x5  
  63  4:49  Drone x3  
  63  4:50  Drone, Roach Warren  
  66  4:56  Lair  
  66  4:57  Drone x4  
  70  5:00  Drone  
  70  5:03  Extractor  
  70  5:04  Extractor  
  69  5:13  Overlord  
  67  5:14  Drone x6  
  74  5:21  Drone x4, Extractor  
  74  5:23  Extractor  
  74  5:24  Extractor  
  74  5:25  Drone x2  
  76  5:33  Evolution Chamber  
  76  5:35  Drone x3  
  77  5:36  Drone x2  
  77  5:42  Hatchery  
  79  5:47  Overlord  
  78  5:51  Drone  
  79  5:57  Roach x5  
  79  5:58  Glial Reconstitution  
  79  6:02  Hydralisk Den, Overlord  
  88  6:07  Drone  
  88  6:10  Zerg Missile Weapons Level 1  
  89  6:12  Drone  
  89  6:17  Drone  
  89  6:18  Overlord  
  91  6:19  Spire  
  91  6:21  Roach x6  
  91  6:25  Overlord  
  103  6:28  Overlord  
  103  6:31  Overseer  
  103  6:33  Overlord  
  103  6:36  Overlord  
  103  6:40  Drone x4  
  103  6:41  Drone x4  
  111  6:48  Extractor  
  107  6:55  Drone x3  
  107  6:57  Drone x3  
  107  6:58  Extractor  
  112  7:06  Zergling x6  
  112  7:07  Zergling x10  
  120  7:14  Overlord  
  120  7:15  Roach x3  
  124  7:19  Hatchery  
  123  7:23  Overlord  
  123  7:24  Roach x6  
  123  7:29  Overlord  
  134  7:31  Roach x5  
  134  7:35  Ravager x2  
  134  7:36  Ravager x2  
  148  7:39  Zerg Flyer Weapons Level 1  
  148  7:41  Roach  
  148  7:42  Roach x6  
  162  7:47  Overlord x2  
  162  7:49  Roach x2  
  162  7:50  Overlord  
  166  7:52  Overlord  
  166  7:56  Overlord  
  158  8:05  Roach x4  
  143  8:13  Overlord x2  
  143  8:16  Drone x3  
  143  8:17  Drone x2  
  143  8:19  Drone x6  
  145  8:39  Corruptor x7  
  159  8:45  Roach  
  159  8:46  Roach x3  
  161  8:50  Zerg Missile Weapons Level 2  
  155  8:58  Drone  
  155  8:59  Spore Crawler  
  155  9:00  Ravager x7  
  155  9:01  Roach x5  
  155  9:02  Roach  
  174  9:11  Roach x6  
  174  9:12  Roach  
  174  9:14  Ravager  
  174  9:15  Ravager  
  190  9:18  Overlord  
  190  9:21  Roach x5  
  194  9:56  Roach x5  
  200  10:01  Infestation Pit  
  173  10:19  Roach x15  
  181  10:28  Roach x6  
  182  10:37  Drone x7  
  185  10:43  Hive  
  185  10:46  Overlord  
  185  10:47  Zergling x2  
  185  10:48  Zergling x22  
  195  10:54  Ravager x7  
  195  10:55  Ravager  
  197  11:05  Zergling x6  
  193  11:22  Hatchery  
  179  11:28  Drone x2  
  179  11:29  Zerg Melee Weapons Level 1  
  179  11:30  Extractor x2  
  178  11:33  Drone x2  
  178  11:34  Drone  
  178  11:35  Spine Crawler  
  178  11:36  Spine Crawler  
  178  11:37  Spine Crawler  
  178  11:40  Drone x3  
  178  11:41  Drone x3  
  178  11:46  Pathogen Glands  
  170  11:58  Greater Spire  
  167  12:04  Roach  
  167  12:05  Roach x18  
  194  12:17  Hatchery  
  194  12:20  Ravager x13  
  199  12:25  Overlord x2  
  197  12:47  Corruptor x2  
  169  12:58  Roach  
  169  12:59  Roach x15  
  169  13:02  Ravager  
  177  13:15  Roach x16  
  177  13:26  Roach x6  
Tags
 
Add a new tag
Caveats
  • Supply blocks, unpowered buildings, or Contaminate may cause inaccurate times.
  • Supply counts are checked every 10 seconds.